AoeStats
← ZEKTARSTEK

Black Forest

508342695Analyzed
4v4 RM · 10d ago on Sep 22, 2026· 49m 9s· 8 players
Game mode
Random Map
Map size
Large (8 player)
Population
200
Speed
Normal
Resources
Standard
Victory
Conquest
Starting age
Dark Age
Ending age
Imperial Age
RankedLock teamsTeams togetherTeam positionsShared explorationLock speedFull tech treeHidden civsTurbo modeCheats
Victory
Defeat
🇧🇴 Franks · Bolivia
1034
+14
🇨🇴 Bohemians · Colombia
1030
+15
🇺🇸 Byzantines · United States
1018
+15
🇦🇷 Aztecs · Argentina
1004
+16
🇨🇴 Goths · Colombia
1085
-19
🇨🇦 Italians · Canada
984
-14
🇲🇽 Persians · Mexico
968
-14
🇨🇴 Khmer · Colombia
954
-13
SIR DAGGY
1:04 Loom
12:12 Feudal Age
12:43 Double-Bit Axe
19:47 Castle Age
18:49 Wheelbarrow
21:16 Stone Mining
22:43 Bow Saw
22:17 Horse Collar
23:08 Treadmill Crane
24:02 Fortified Wall
28:37 Heavy Plow
30:01 Hand Cart
29:52 Gold Mining
34:45 Imperial Age
33:05 Caravan
33:31 Pikeman
34:12 Squires
33:57 Arson
34:16 Scale Mail Armor
34:27 Forging
36:30 Chemistry
34:58 Halberdier
35:13 Elite Skirmisher
35:59 Thumb Ring
37:17 Conscription
37:36 Crop Rotation
38:08 Two-Man Saw
38:42 Chain Mail Armor
39:02 Iron Casting
41:45 Plate Mail Armor
mikele
1:02 Loom
13:31 Feudal Age
20:19 Castle Age
20:05 Double-Bit Axe
20:03 Horse Collar
22:33 Bow Saw
27:35 Pikeman
30:32 Chemistry
32:14 Heavy Plow
37:00 Imperial Age
35:06 Wheelbarrow
35:27 Scale Mail Armor
35:37 Forging
36:43 Chain Mail Armor
38:04 Capped Ram
46:36 Squires
45:57 Halberdier
46:23 Arson
48:54 Wheelbarrow
48:05 Town Watch
LeandroPaul79
0:39 Loom
10:58 Feudal Age
11:21 Horse Collar
11:27 Double-Bit Axe
18:42 Castle Age
16:44 Fishing Lines
17:01 Gold Mining
18:29 Wheelbarrow
19:25 Heavy Plow
19:36 Bow Saw
19:44 Gillnets
20:39 Gold Shaft Mining
24:34 Hand Cart
29:59 Imperial Age
27:49 Town Watch
28:29 Scale Mail Armor
28:41 Forging
29:46 Town Patrol
32:11 Chemistry
31:31 Ballistics
31:02 Heated Shot
30:52 Treadmill Crane
31:21 Stone Mining
33:42 Garland Wars
33:30 Atlatl
33:38 Murder Holes
34:22 Iron Casting
34:06 Chain Mail Armor
34:12 Arson
34:28 Squires
34:17 Gambesons
34:48 Caravan
35:11 Padded Archer Armor
35:02 Fletching
35:00 Eagle Warrior
37:06 Elite Jaguar Warrior
42:16 Siege Engineers
42:22 Fortified Wall
42:03 Guard Tower
41:58 Arrowslits
45:09 Careening
45:33 Plate Mail Armor
45:19 Leather Archer Armor
44:59 Bodkin Arrow
46:05 Blast Furnace
45:53 Stone Shaft Mining
EXILS_FERNANDO
2:18 Loom
14:45 Feudal Age
17:19 Double-Bit Axe
23:17 Castle Age
21:14 Gold Mining
22:14 Scale Barding Armor
24:25 Chain Barding Armor
24:40 Husbandry
24:57 Forging
26:31 Iron Casting
41:14 Fletching
41:25 Padded Archer Armor
41:53 Fervor
42:04 Sanctity
42:14 Bodkin Arrow
43:30 Bow Saw
43:44 Devotion
45:58 Leather Archer Armor
50:14 Imperial Age
48:20 Wheelbarrow
47:30 Town Watch
48:54 Gold Shaft Mining
48:13 Stone Mining
48:58 Crossbowman
sergioguarin19
11:41 Feudal Age
12:20 Double-Bit Axe
17:25 Castle Age
20:40 Horse Collar
23:54 Forging
25:59 Iron Casting
25:41 Heavy Plow
27:10 Wheelbarrow
26:23 Loom
26:27 Town Watch
27:06 Scale Mail Armor
27:49 Pikeman
31:41 Imperial Age
31:09 Hand Cart
31:40 Chain Mail Armor
31:27 Squires
32:49 Perfusion
34:08 Crop Rotation
33:51 Bow Saw
ZEKTARSTEK
0:30 Loom
13:34 Feudal Age
17:18 Double-Bit Axe
22:33 Castle Age
23:55 Bow Saw
LordWhile
1:52 Loom
3:53 Loom
12:12 Feudal Age
17:10 Castle Age
15:11 Double-Bit Axe
15:34 Horse Collar
16:44 Gold Mining
16:49 Stone Mining
18:37 Bow Saw
20:29 Wheelbarrow
25:22 Fishing Lines
26:56 Redemption
30:52 Imperial Age
30:37 Husbandry
30:47 Bloodlines
30:28 Pikeman
31:08 Squires
32:57 Conscription
32:53 Cavalier
35:22 Two-Man Saw
36:32 Scale Barding Armor
37:47 Chain Barding Armor
37:28 Scale Mail Armor
39:19 Plate Barding Armor
39:30 Forging
40:16 Hand Cart
40:19 Chain Mail Armor
40:26 Elite Skirmisher
41:11 Thumb Ring
41:10 Padded Archer Armor
41:00 Fletching
41:12 Heavy Plow
42:39 Plate Mail Armor
42:57 Iron Casting
43:28 Chemistry
43:46 Heated Shot
44:44 Elite Genoese Crossbowman
cristianalarconcalderon
3:11 Loom
20:53 Feudal Age
22:07 Double-Bit Axe
27:40 Castle Age
27:10 Stone Mining
Connection lost

Rejoining the realm…

Still unreachable

The connection could not be restored.

Session expired

The server has moved on; the page needs a fresh start.